 Dungeon Crawl Stone Soup version 0.32-a0-975-g85d4e5bfdb (webtiles) character file.

Game seed: 10451035603311677182

116 Maxmaps the Trooper (level 5, -2/42 HPs)
             Began as a Djinni Conjurer on Apr 19, 2024.
             Killed by nerve-wracking pain
             ... invoked by Grinder
              (8 damage)
             ... on level 3 of the Dungeon.
             The game lasted 00:03:53 (1624 turns).

Maxmaps the Trooper (Djinni Conjurer)               Turns: 1624, Time: 00:03:53

Health: -2/42      AC:  6    Str: 12    XL:     5   Next: 20%
Gold:   106        EV:  9    Int: 21    God:
                   SH:  0    Dex: 12

rFire   + + .        k - +2 dagger (drain)
rCold   x . .        (no shield)
rNeg    . . .        b - +0 ring mail
rPois   ∞            g - +0 helmet
rElec   .            (no cloak)
rCorr   +            (no gloves)
SInv    .            (boots unavailable)
Will    .....        (no amulet)
Stlth   +            f - ring of resist corrosion
HPRegen 0.27/turn    j - +6 ring of strength

%: infuse magic (-3 HP)
@: flying, very slightly contaminated
A: sickness immunity, fire resistance 2, cold vulnerability 1, float, innate
caster, HP casting, extra vitality 1
a: no special abilities


You were on level 3 of the Dungeon.
You visited 1 branch of the dungeon, and saw 3 of its levels.

You collected 106 gold pieces.

Inventory:

Hand Weapons
 e - a +0 club
 k - a +2 dagger of draining (weapon)
Armour
 a - a +0 robe
 b - a +0 ring mail (worn)
 g - a +0 helmet (worn)
Jewellery
 f - a ring of resist corrosion (left hand)
 j - a +6 ring of strength (right hand)
Wands
 c - a wand of flame (17)
Scrolls
 d - a scroll of amnesia {unknown}
 i - a scroll of teleportation
Potions
 h - a potion of resistance {unknown}


   Skills:
 + Level 4.4 Fighting
 - Level 2.1 Dodging
 - Level 1.5 Stealth
 - Level 3.5 Spellcasting
 - Level 3.5 Conjurations
 - Level 3.5 Hexes
 - Level 3.5 Summonings
 - Level 3.5 Necromancy
 - Level 3.5 Translocations
 - Level 3.5 Fire Magic
 - Level 3.5 Ice Magic
 - Level 3.5 Air Magic
 - Level 3.5 Earth Magic
 - Level 3.5 Alchemy


You knew the following spells:

 Your Spells              Type           Power      Damage    Failure   Level
a - Magic Dart            Conj           72%        1d6       7%          1
b - Searing Ray           Conj           36%        2d5       10%         2
c - Fulminant Prism       Conj/Alch      9%         3d6       54%         4
d - Iskenderun's Mystic Conj/Tloc 18%            2d6        (+2d2     54%         4
e - Kiss of Death         Conj/Necr      72%        2d10      7%          1
f - Blink                 Tloc           36%        N/A       10%         2
Your spell library was empty.

Dungeon Overview and Level Annotations

Branches:
Dungeon (3/15)

Altars:

Shops:
D:1 [

Annotations:
D:3 Grinder


Innate Abilities, Weirdness & Mutations

You are immune to sickness and miasma.
You are immune to poison.
Your flesh is very heat resistant. (rF++)
You are vulnerable to cold. (rC-)
You float through the air rather than walking.
You learn spells naturally, not from books.
Your magical power is your life essence.
You have superior vitality. (+4 MHP)


Message History

Confirm with . or Enter, or press ? or * to list all spells.
Aiming: Magic Dart (safe; 7% risk of failure)
Press: ? - help, Shift-Dir - straight line, f/p - Grinder
Aim: Grinder, carrying a wand of warping (heavily wounded, 100% to hit)
The magic dart hits Grinder but does no damage.
Grinder is heavily wounded.
* * * LOW HITPOINT WARNING * * *
The rat twitches its whiskers.
Casting: Magic Dart (safe; 7% risk of failure)
Confirm with . or Enter, or press ? or * to list all spells.
Aiming: Magic Dart (safe; 7% risk of failure)
Press: ? - help, Shift-Dir - straight line, f/p - Grinder
Aim: Grinder, carrying a wand of warping (heavily wounded, 100% to hit)
The magic dart hits Grinder.
Grinder is heavily wounded.
* * * LOW HITPOINT WARNING * * *
Grinder gestures at you.
You struggle to resist.
Casting: Magic Dart (safe; 7% risk of failure)
Confirm with . or Enter, or press ? or * to list all spells.
Aiming: Magic Dart (safe; 7% risk of failure)
Press: ? - help, Shift-Dir - straight line, f/p - Grinder
Aim: Grinder, carrying a wand of warping (heavily wounded, 100% to hit)
You miscast Magic Dart.
You are very lightly contaminated with residual magic.
Nothing appears to happen.
* * * LOW HITPOINT WARNING * * *
Grinder blinks!
Casting: Magic Dart (safe; 7% risk of failure)
Confirm with . or Enter, or press ? or * to list all spells.
Aiming: Magic Dart (safe; 7% risk of failure)
Press: ? - help, Shift-Dir - straight line, f/p - Grinder
Aim: Grinder, carrying a wand of warping (heavily wounded, 100% to hit)
The magic dart hits Grinder.
Grinder is severely wounded.
* * * LOW HITPOINT WARNING * * *
Grinder gestures at you. Pain shoots through your body!
You die...
Grinder sighs, "Dead already?
I want a refund."

#................#
#.........#.#.##......
#.........#.#.# #####
#.........#.#.#
#####.#####.#.# . #.# #.#.# ..
#<# #...# ... ##.#
####.#############....
##..####....@§r.w.).....)....
##..##..5.##.############.....
####......#####.....### .....
.......#### #.###...# .....
####.### #.# ###.#### .....
###.# #.# #....# ..... ##...#
#.# ####.###..... #..### #.#
######.....#..[ ..## #.#
#.......####


You could see Grinder, a ribbon worm and a rat.

Vanquished Creatures
  Robin (D:2)
  3 adders
  3 dart slugs
  2 orcs (D:3)
  5 ball pythons
  7 endoplasms
  4 giant cockroaches
  14 goblins
  5 hobgoblins
  3 jackals (D:2)
  9 kobolds
  A quokka (D:1)
  A bat (D:2)
  5 frilled lizards
  5 rats
68 creatures vanquished.

Vanquished Creatures (others)
  An orc (D:3)
1 creature vanquished.

Grand Total: 69 creatures vanquished

Notes
Turn   | Place    | Note
-------+----------+-------------------------------------------
     0 | D:1      | Maxmaps the Djinni Conjurer began the quest for the Orb.
     0 | D:1      | Maxmaps set off with the following spells memorised: Magic
                  | Dart, Searing Ray, Fulminant Prism, Iskenderun's Mystic
                  | Blast.
     0 | D:1      | Reached XP level 1. HP: 15/15 MP: 0/0
    69 | D:1      | Reached skill level 1 in Fighting
   135 | D:1      | Reached XP level 2. HP: 18/22 MP: 0/0
   275 | D:1      | Found Suiggyes's Armour Shoppe.
   388 | D:1      | Reached skill level 2 in Fighting
   441 | D:1      | Found a faded altar of an unknown god.
   488 | D:1      | Reached XP level 3. HP: 28/29 MP: 0/0
   488 | D:1      | Learned a level 1 spell: Kiss of Death
   835 | D:2      | Reached skill level 3 in Fighting
   841 | D:2      | Reached XP level 4. HP: 18/32 MP: 0/0
   943 | D:2      | Noticed Robin
  1080 | D:2      | Killed Robin
  1322 | D:2      | Reached skill level 4 in Fighting
  1425 | D:2      | Identified the +0 robe of the Sky {rC+}
  1586 | D:3      | Reached XP level 5. HP: 41/41 MP: 0/0
  1586 | D:3      | Learned a level 2 spell: Blink
  1592 | D:3      | Noticed Grinder
  1624 | D:3      | Killed from afar by Grinder

Illustrated notes

Levels and vault maps discovered:
D:1:      dpeg_arrival_orchard, layout_basic,
          shapermc_ecumenical_altar_mp_highgroup, serial_shops,
          nicolae_shop_tiny_waterfront
D:2:      layout_rooms, uniq_robin
D:3:      layout_rooms, uniq_grinder

Skill      XL: |  1  2  3  4 |
---------------+-------------+-----
Fighting       | 1 2 3 4 |  4.4
Dodging        | |  2.1
Stealth        | |  1.5
Spellcasting   | |  3.5
Conjurations   | |  3.5
Hexes          | |  3.5
Summonings     | |  3.5
Necromancy     | |  3.5
Translocations | |  3.5
Fire Magic     | |  3.5
Ice Magic      | |  3.5
Air Magic      | |  3.5
Earth Magic    | |  3.5
Alchemy        | |  3.5

Action                     |  1- 3 |  4- 6 || total
---------------------------+-------+-------++-------
  Melee: Unarmed           |     3 |       ||     3
         Dagger            |       |    71 ||    71
   Cast: Magic Dart        |    54 |    20 ||    74
         Searing Ray       |     7 |     2 ||     9
         Kiss of Death     |     1 |       ||     1
    Use: Scroll            |       |     6 ||     6
         Potion            |       |     1 ||     1
 Armour: Ring mail         |     8 |    69 ||    77
  Dodge: Dodged            |     6 |    49 ||    55

Table legend: (Time is in decaauts)
 A = Elapsed time spent in this place.
 B = Non-inter-level travel time spent in this place.
 C = Inter-level travel time spent in this place.
 D = Time resting spent in this place.
 E = Time spent auto-exploring this place.
 F = Levels seen in this place.
 G = Mean time per level.
                   A        B        C        D        E       F      G
               +--------+--------+--------+--------+--------+-----+--------+
         Total |   1623 |   1598 |     25 |     69 |   1134 |   3 |  541.0 |
       Dungeon |   1623 |   1598 |     25 |     69 |   1134 |   3 |  541.0 |
               +--------+--------+--------+--------+--------+-----+--------+

Top non-repeatable levels by time:
     D:1: 825 daAuts
     D:2: 610 daAuts
     D:3: 187 daAuts
